 Dungeon Crawl Stone Soup version 0.24-a0-355-gbe4061de67 (console) character file.

Game seed: 1479308993124962889

47 Voker57 the Skirmisher (level 3, 0/30 HPs)
             Began as a Demonspawn Monk on May 24, 2019.
             Killed from afar by an orc wizard (6 damage)
             ... with a magic dart
             ... on level 3 of the Dungeon.
             The game lasted 00:01:44 (1606 turns).

Voker57 the Skirmisher (Demonspawn Monk)            Turns: 1606, Time: 00:01:45

Health: 0/30       AC:  3    Str: 11    XL:     3   Next: 48%
Magic:  12/12      EV: 14    Int: 11    God:
Gold:   130        SH:  0    Dex: 16    Spells: 2/2 levels left

rFire    . . .     SeeInvis .   a - +0 falchion
rCold    . . .     Gourm    .   (no shield)
rNeg     . . .     Faith    .   b - +1 robe
rPois    .         Spirit   .   (no helmet)
rElec    .         Reflect  .   (no cloak)
rCorr    .         Harm     .   (no gloves)
MR       .....                  (no boots)
Stlth    ++........             f - amulet of magic regeneration
HPRegen  0.10/turn              e - ring of magical power
MPRegen  0.38/turn              (no ring)

@: invisible
A: powered by death 1
a: no special abilities


You were on level 3 of the Dungeon.
You were not hungry.

You visited 1 branch of the dungeon, and saw 3 of its levels.

You collected 130 gold pieces.

Inventory:

Hand Weapons
 a - a +0 falchion (weapon)
Armour
 b - a +1 robe (worn)
Jewellery
 e - a ring of magical power (left hand)
 f - an amulet of magic regeneration (around neck)
 m - a +5 amulet of reflection {unknown}
Scrolls
 h - a scroll of identify
 j - a scroll of remove curse {unknown}
Potions
 g - a potion of flight {unknown}
 i - a potion of lignification {unknown}
 l - a potion of might {unknown}
 o - 2 potions of degeneration {unknown}
Comestibles
 c - 3 rations


   Skills:
 + Level 3.8 Fighting
 - Level 2.6 Long Blades
 + Level 3.5 Dodging
 - Level 1.7 Stealth


You had 2 spell levels left.
You didn't know any spells.
Your spell library was empty.

Dungeon Overview and Level Annotations

Branches:
Dungeon (3/15)

Altars:
Ashenzari

Shops:
D:3 *


Innate Abilities, Weirdness & Mutations

You regenerate a little health from kills.


Message History

A puff of flame appears from out of thin air!
The puff of flame misses you.
You hit something.
You hear some strange, mumbled words.
A magic dart appears from out of thin air!
The magic dart hits you.
You closely miss something. Something hits you.
You hit something but do no damage. Something hits you.
You closely miss something. Something hits you but does no damage.
Something barely misses you.
You barely miss something. Something hits you.
* * * LOW HITPOINT WARNING * * *
You hit something. Something hits you.
* * * LOW HITPOINT WARNING * * *
It was a potion of invisibility.
You fade into invisibility!
You hear some strange, mumbled words.
A magic dart appears from out of thin air!
The magic dart hits you.
You die...

#### ... #.. ##..
######o. ##...##{#
##.....#@# ####
##........# #..###
#........##
#....###........#
.#.#.##..#.....##
.....##.#.......#
##..............#
##.#.####....>....
......###.........
....#..# #.......


You could see an orc.

Vanquished Creatures
  2 dart slugs
  2 orcs (D:3)
  8 bats
  2 giant cockroaches
  4 goblins
  3 hobgoblins (D:1)
  5 jackals (D:2)
  3 kobolds
  3 frilled lizards
  6 rats
38 creatures vanquished.

Notes
Turn   | Place    | Note
-------+----------+-------------------------------------------
     0 | D:1      | Voker57 the Demonspawn Monk began the quest for the Orb.
     0 | D:1      | Reached XP level 1. HP: 18/18 MP: 1/1
   356 | D:1      | Gained mutation: You regenerate a little health from kills.
                  | [demonic ancestry]
   356 | D:1      | Reached XP level 2. HP: 24/24 MP: 2/2
  1082 | D:2      | Reached XP level 3. HP: 25/29 MP: 3/3
  1204 | D:2      | Found a shattered altar of Ashenzari.
  1534 | D:3      | Found Gozag's Platinum Reserve.
  1606 | D:3      | Killed from afar by an orc wizard

Levels and vault maps discovered:
D:1:      minmay_arrival_nine_rooms, layout_basic
D:2:      layout_rooms, lemuel_doored_altar, item_on_display_a
D:3:      layout_rooms, nicolae_gozag_zags_fifth_avenue, grunt_decor_fettered,
          minivault_4

Skill      XL: |  1 |
---------------+----+-----
Dodging        | 3 |  3.5
Fighting       | |  3.8
Long Blades    | |  2.6
Stealth        | |  1.7

Action                   || total
-------------------------++-------
Melee: Falchion          ||   121
  Use: Scroll            ||     6
       Potion            ||     1
 Stab: Sleeping          ||     3
  Eat: Chunk             ||     2
Armor: Robe              ||    24
Dodge: Dodged            ||   109
       Rpst.: Falchion   ||    31

Table legend:
 A = Non-vault XP
 B = Vault XP
 C = Vault XP percentage of total XP
 D = Non-vault monster count
 E = Vault monster count
 F = Vault count percentage of total count
                 A         B        C        D         E       F
            +---------+---------+-------+---------+---------+-------
      Total |      68 |       0 |   0.0 |      38 |       0 |   0.0
            +---------+---------+-------+---------+---------+-------
        D:1 |      39 |       0 |   0.0 |      23 |       0 |   0.0
        D:2 |      20 |       0 |   0.0 |      11 |       0 |   0.0
        D:3 |       9 |       0 |   0.0 |       4 |       0 |   0.0
            +---------+---------+-------+---------+---------+-------
